 Dungeon Crawl Stone Soup version 0.26-a0-952-g76694b35de (webtiles) character file.

Game seed: 7759666713126982851

30 sokol815 the Bolt Thrower (level 3, -6/22 HPs)
             Began as a Kobold Hunter on Nov 30, 2020.
             Killed by nerve-wracking pain
             ... invoked by an orc priest
              (14 damage)
             ... on level 2 of the Dungeon.
             The game lasted 00:03:09 (1411 turns).

sokol815 the Bolt Thrower (Kobold Hunter)           Turns: 1411, Time: 00:03:09

Health: -6/22      AC:  5    Str:  9    XL:     3   Next: 37%
Magic:  3/3        EV:  7    Int: 12    God:
Gold:   24         SH:  0    Dex: 16    Spells: 2/2 levels left

rFire    . . .     SeeInvis .   a - +2 short sword (venom)
rCold    . . .     Faith    .   (shield restricted)
rNeg     . . .     Spirit   .   l - -1 scale mail (curse)
rPois    .         Reflect  .   (no helmet)
rElec    .         Harm     .   (no cloak)
rCorr    .         Rampage  .   (no gloves)
MR       .....                  (no boots)
Stlth    ++........             (no amulet)
HPRegen  0.07/turn              e - -4 ring of evasion (curse)
MPRegen  0.08/turn              (no ring)

@: lethally poisoned (-6 -> -17)
A: small, nightstalker 3
a: no special abilities


You were on level 2 of the Dungeon.
You visited 1 branch of the dungeon, and saw 2 of its levels.

You collected 24 gold pieces.

Inventory:

Hand Weapons
 a - a +2 short sword of venom (weapon)
 c - a +1 hand crossbow
 m - a +0 short sword
Missiles
 d - 19 bolts
 j - 89 stones (quivered)
 k - 33 arrows
Armour
 b - a +0 leather armour
 g - a cursed +0 scale mail
 l - a cursed -1 scale mail (worn)
Jewellery
 e - a cursed -4 ring of evasion (left hand)
Potions
 f - a potion of invisibility {unknown}
 h - a potion of resistance
 i - a potion of berserk rage {unknown}


   Skills:
 + Level 2.7 Fighting
 * Level 2.5 Short Blades
 - Level 4.8 Crossbows
 - Level 2.4 Dodging
 + Level 2.4 Stealth


You had 2 spell levels left.
You didn't know any spells.
Your spell library was empty.

Dungeon Overview and Level Annotations

Branches:
Dungeon (2/15)

Altars:

Annotations:
D:1 exclusion: downstairs
D:2 Robin


Innate Abilities, Weirdness & Mutations

You are small and have problems with some larger weapons.
You are completely attuned to the shadows.


Message History

The orc wizard is heavily wounded.
The orc wizard gestures wildly while chanting.
The orc wizard blinks!
You hit the orc wizard.
The orc wizard looks as sick as possible!
The orc wizard is heavily wounded.
The orc hits you from afar with a +4 trident of venom.
You are lethally poisoned!
The orc wizard gestures wildly while chanting.
The orc wizard blinks!
An orc comes into view. It is wielding a +0 dagger.
You feel sick.
The orc wizard casts a spell.
The orc wizard blinks!
You feel sick.
You kill the orc wizard!
The orc priest calls down the wrath of Beogh upon you.
Pain shoots through your body!
Ouch! That really hurt!
You die...

#########
..[......
.......###
##<.....
###.....#
.....@...#
.###.....#
.####.))##
)...$o.†.##
.#####.o...
#o####
#.o...
#..#o.
#..)...


You could see an orc priest and an orc.

Vanquished Creatures
  An orc wizard (D:2)
  An orc (D:2)
  2 giant cockroaches (D:1)
  3 goblins
  3 hobgoblins (D:1)
  5 kobolds (D:1)
  A quokka (D:2)
  9 bats
  A frilled lizard (D:2)
  2 rats (D:1)
28 creatures vanquished.

Notes
Turn   | Place    | Note
-------+----------+-------------------------------------------
     0 | D:1      | sokol815 the Kobold Hunter began the quest for the Orb.
     0 | D:1      | Reached XP level 1. HP: 12/12 MP: 1/1
    77 | D:1      | Reached skill level 1 in Short Blades
   264 | D:1      | Reached XP level 2. HP: 18/18 MP: 2/2
  1006 | D:1      | Reached XP level 3. HP: 22/22 MP: 3/3
  1305 | D:2      | Noticed Robin
  1411 | D:2      | Killed from afar by an orc priest

Illustrated notes

Levels and vault maps discovered:
D:1:      sevenhm_arrival_forest_fort_large_4, layout_loops_corners,
          grunt_decor_arrowhead
D:2:      cheibrodos_pilgrimage, layout_loops_ring, old_standard_altar,
          uniq_robin, uniq_sigmund

Skill      XL: |  1  2 |
---------------+-------+-----
Short Blades   | 1 2 |  2.5
Stealth        | 2 |  2.4
Fighting       | |  2.7
Crossbows      | |  4.8
Dodging        | |  2.4

Action                   || total
-------------------------++-------
Melee: Short sword       ||    69
 Fire: Hand crossbow     ||     9
  Use: Scroll            ||     3
 Stab: Sleeping          ||     2
Armor: Scale mail        ||    52
Dodge: Dodged            ||    47

Table legend: (Time is in decaauts)
 A = Elapsed time spent in this place.
 B = Non-inter-level travel time spent in this place.
 C = Inter-level travel time spent in this place.
 D = Time resting spent in this place.
 E = Time spent auto-exploring this place.
 F = Levels seen in this place.
 G = Mean time per level.
                   A        B        C        D        E       F      G
               +--------+--------+--------+--------+--------+-----+--------+
         Total |   1412 |   1359 |     53 |    222 |    903 |   2 |  706.0 |
       Dungeon |   1412 |   1359 |     53 |    222 |    903 |   2 |  706.0 |
               +--------+--------+--------+--------+--------+-----+--------+

Top non-repeatable levels by time:
     D:1: 1355 daAuts
     D:2: 56 daAuts
